 Dungeon Crawl Stone Soup version 0.31-a0-233-g139696dc86 (webtiles) character file.

Game seed: 927392493299327937

7567 qw the Skirmisher (level 10, -1/91 HPs)
             Began as a Minotaur Hexslinger on July 8, 2023.
             Was a Believer of Okawaru.
             Killed from afar by a molten gargoyle (10 damage)
             ... with a bolt of magma
             ... on level 1 of the Lair of Beasts.
             The game lasted 00:04:22 (10928 turns).

qw the Skirmisher (Minotaur Hexslinger)            Turns: 10928, Time: 00:04:23

Health: -1/91      AC:  8    Str: 13    XL:     10   Next: 97%
Magic:  11/12      EV: 27    Int: 10    God:    Okawaru [**....]
Gold:   280        SH:  0    Dex: 23    Spells: 10/11 levels left

rFire   . . .        Y - +0 orcbow
rCold   . . .        (shield currently unavailable)
rNeg    . . .        f - +2 leather armour "Qacve" {Will++}
rPois   .            (helmet unavailable)
rElec   .            (no cloak)
rCorr   .            l - +0 pair of gloves
SInv    .            o - +0 pair of boots
Will    ++...        (no amulet)
Stlth   +++          i - +6 ring of dexterity
HPRegen 0.35/turn    h - +5 ring of evasion
MPRegen 0.13/turn

%: no passive effects
@: about to teleport, heroic
A: horns 3, retaliatory headbutt, claws 1, sturdy frame 1
a: Renounce Religion, Heroism


You were on level 1 of the Lair of Beasts.
You worshipped Okawaru.
Okawaru was pleased with you.
You visited 3 branches of the dungeon, and saw 11 of its levels.

You collected 463 gold pieces.
You spent 183 gold pieces at shops.


Innate Abilities, Weirdness & Mutations

You have a pair of large horns on your head.
You reflexively headbutt those who attack you in melee.
You have sharp fingernails.
Your movements are slightly less encumbered by armour. (ER -2)


   Skills:
 - Level 9.0(14.0) Fighting
 - Level 14.1(19.1) Ranged Weapons
 - Level 3.0(8.0) Armour
 + Level 7.0(12.0) Dodging
 - Level 1.0 Spellcasting
 - Level 2.0 Hexes
 - Level 4.1 Invocations


You had 10 spell levels left.
You knew the following spells:

 Your Spells              Type           Power      Damage    Failure   Level
a - Slow                  Hex            16%        N/A       16%         1

Your spell library contained the following spells:

 Spells                   Type           Power      Damage    Failure   Level
 Inner Flame              Hex/Fire       2%         N/A       56%         3
 Portal Projectile        Hex/Tloc       4%         N/A       56%         3
 Cause Fear               Hex            2%         N/A       83%         4

Inventory:

Hand Weapons
 Y - a +0 orcbow (weapon)
Armour
 f - the +2 leather armour "Qacve" (worn) {Will++}
   (You found it on level 8 of the Dungeon)

   Will:      It greatly increases your willpower.
 j - a +3 leather armour of cold resistance
 l - a +0 pair of gloves (worn)
 o - a +0 pair of boots (worn)
Jewellery
 h - a +5 ring of evasion (right hand)
 i - a +6 ring of dexterity (left hand)
Wands
 k - a wand of digging (4)
Scrolls
 a - 3 scrolls of identify
 n - a scroll of teleportation
Potions
 b - a potion of cancellation
 c - 5 potions of might
 d - 2 potions of haste
 e - a potion of enlightenment
 m - a potion of mutation
 q - a potion of curing

Dungeon Overview and Level Annotations

Branches:
Dungeon (9/15)             Temple (1/1) D:7            Lair (1/5) D:9
    Orc (0/2) D:9

Altars:
Ashenzari
Cheibriados
Dithmenos
Elyvilon
Fedhas
Gozag
Hepliaklqana
Kikubaaqudgha
Makhleb
Nemelex Xobeh
Okawaru
Qazlal
Ru
Sif Muna
Trog
Uskayaw
Vehumet
Wu Jian
Xom
Yredelemnul
Zin
The Shining One

Shops:
D:4 ?:!=*   D:9 (

Annotations:
D:3 1 runed translucent door, Crazy Yiuf
D:5 exclusion: 3 electric eels
D:8 1 transporter


Message History

You gain the combat prowess of a mighty hero.
You shoot an arrow. The arrow barely misses Gastronok.
Gastronok bites you!!
You shoot an arrow. The arrow hits Gastronok!
Gastronok is severely wounded.
You shoot an arrow. The arrow hits Gastronok!!
Gastronok is severely wounded.
Gastronok waves his eye-stalks in wide circles.
The air twists around and strikes you!!
10916 ||| READING 3 scrolls of teleportation.
As you read the scroll of teleportation, it crumbles to dust.
You feel strangely unstable.
You shoot an arrow. The arrow hits Gastronok!
Gastronok is almost dead.
You shoot an arrow. The arrow hits Gastronok.
Gastronok is almost dead.
Gastronok casts a spell.
You shoot an arrow. The arrow hits Gastronok!
Gastronok is almost dead.
You shoot an arrow. The arrow hits Gastronok!
You kill Gastronok!
Okawaru is honoured by your kill.
The river rat disappears in a puff of smoke!
Your base Ranged Weapons skill increases to level 14!
You start resting.
Your surroundings suddenly seem different.
A molten gargoyle comes into view. It is wielding a +0 mace.
You start resting.
10925 ||| READING 2 scrolls of teleportation.
As you read the scroll of teleportation, it crumbles to dust.
You feel strangely unstable.
You shoot an arrow. The arrow hits the molten gargoyle.
The molten gargoyle is lightly damaged.
You shoot an arrow. The arrow hits the molten gargoyle.
The molten gargoyle is lightly damaged.
You shoot an arrow.
The arrow barely misses the molten gargoyle.
The molten gargoyle blasts magma at you!
The bolt of magma hits you!
You die...

########.
#@..¤....
#.~~¤¤~~~
#.~~¤~¤¤¤
P.¤¤~9¤¤~
..~~~~¤~¤
##.~~~~~~¤
#.¤~~~¤~~
#.~~¤~~~¤


You could see a molten gargoyle.

Vanquished Creatures
  Gastronok (Lair:1)
  A cyclops (D:9)
  2 komodo dragons (D:9)
  3 wyverns
  A yak (D:9)
  A steam dragon (D:9)
  An acid dragon (D:9)
  3 water moccasins
  Duvessa (D:6)
  2 orc warriors
  An ice beast (D:8)
  3 black bears
  A sky beast (D:6)
  4 ogres (D:6)
  2 centaurs
  2 phantoms (D:5)
  A kobold brigand (D:6)
  12 bullfrogs
  3 gnoll sergeants
  2 scorpions
  7 wights
  Dowan (D:6)
  8 killer bees
  3 howler monkeys (D:8)
  6 hounds
  3 gnoll boudas
  5 orc priests
  11 orc wizards
  Natasha (D:2)
  8 adders
  23 gnolls
  A shadow imp (D:7)
  3 white imps
  2 worms (D:2)
  2 dart slugs
  32 orcs
  6 endoplasms
  3 giant cockroaches
  9 goblins
  6 hobgoblins
  7 jackals
  8 quokkas
  8 ball pythons
  9 bats
  11 kobolds
  3 rats
233 creatures vanquished.

Vanquished Creatures (others)
  An orc wizard (D:5)
1 creature vanquished.

Grand Total: 234 creatures vanquished

Notes
Turn   | Place    | Note
-------+----------+-------------------------------------------
     0 | D:1      | qw the Minotaur Hexslinger began the quest for the Orb.
     0 | D:1      | Reached XP level 1. HP: 16/16 MP: 1/1
     0 | D:1      | 0 ||| qw: Version: 0.3-a-46-gb1f654a
     0 | D:1      | 0 ||| qw: Game counter: 3597
     0 | D:1      | 0 ||| qw: Melee chars always use a shield: true
     0 | D:1      | 0 ||| qw: God list: Okawaru
     0 | D:1      | 0 ||| qw: Allow faded altars: false
     0 | D:1      | 0 ||| qw: Do Orc after clearing Dungeon:15 true
     0 | D:1      | 0 ||| qw: Do second Lair branch before Depths: true
     0 | D:1      | 0 ||| qw: Lair rune preference: random
     0 | D:1      | 0 ||| qw: Goals: Normal
     0 | D:1      | 0 ||| PLANNING D:1-11
    49 | D:1      | Reached skill level 3 in Ranged Weapons
    50 | D:1      | Reached XP level 2. HP: 8/23 MP: 2/2
   512 | D:1      | Reached XP level 3. HP: 29/29 MP: 3/3
   678 | D:1      | 678 ||| UPGRADING to +0 ring mail.
   688 | D:1      | 688 ||| DROPPING +0 robe.
   689 | D:1      | 689 ||| DROPPING scroll of poison.
   758 | D:2      | Found a hide-covered altar of Uskayaw.
   779 | D:2      | Reached skill level 4 in Ranged Weapons
   956 | D:2      | Reached skill level 1 in Armour
  1054 | D:2      | 1054 ||| FLEEEEING.
  1056 | D:2      | 1056 ||| STAIRDANCE
  1072 | D:1      | 1072 ||| READING 2 scrolls labelled QARCHO PITI.
  1073 | D:1      | 1073 ||| READING scroll labelled JAMAUPTACET.
  1077 | D:2      | 1077 ||| STAIRDANCE
  1207 | D:2      | Reached XP level 4. HP: 28/36 MP: 4/4
  1503 | D:3      | Noticed Natasha
  1511 | D:3      | 1511 ||| STAIRDANCE
  1516 | D:2      | Killed Natasha
  1716 | D:3      | Reached skill level 5 in Ranged Weapons
  1726 | D:3      | HP: 9/36 [something/magic dart (3)]
  1731 | D:3      | HP: 8/36 [something (1)]
  1958 | D:3      | Reached XP level 5. HP: 44/44 MP: 5/5
  1966 | D:3      | Reached skill level 3 in Fighting
  2296 | D:3      | Found a runed translucent door.
  2297 | D:3      | Noticed Crazy Yiuf
  2674 | D:3      | 2674 ||| UPGRADING to +6 ring of dexterity.
  2675 | D:3      | 2675 ||| READING scroll labelled ANESCH OROORUSAD.
  2811 | D:3      | 2811 ||| READING scroll labelled ESOZ DASUHEU.
  2812 | D:3      | 2812 ||| READING scroll labelled GADEAG HUAMP.
  2813 | D:3      | 2813 ||| DRINKING 2 sedimented coppery potions.
  2814 | D:3      | 2814 ||| DROPPING potion of brilliance.
  2861 | D:4      | Noticed a black bear
  2861 | D:4      | Found a bloodstained altar of Trog.
  2863 | D:4      | Noticed a black bear
  2867 | D:4      | Killed a black bear
  2868 | D:4      | Reached skill level 6 in Ranged Weapons
  2868 | D:4      | 2868 ||| STAIRDANCE
  2983 | D:4      | 2983 ||| STAIRDANCE
  2990 | D:3      | Killed a black bear
  2991 | D:3      | Reached XP level 6. HP: 42/53 MP: 6/6
  3130 | D:4      | Paralysed by a hobgoblin for 5 turns
  3155 | D:4      | Found Gaurue Locu's Assorted Antiques.
  3159 | D:4      | 3159 ||| BUYING brown potion (29 gold).
  3159 | D:4      | Bought a brown potion for 29 gold pieces
  3159 | D:4      | 3159 ||| SHOPLISTING fluorescent wand (132 gold, have 96).
  3159 | D:4      | 3159 ||| SHOPLISTING granite ring (165 gold, have 96).
  3159 | D:4      | 3159 ||| SHOPLISTING iron wand (132 gold, have 96).
  3159 | D:4      | 3159 ||| BUYING red potion (29 gold).
  3159 | D:4      | Bought a red potion for 29 gold pieces
  3159 | D:4      | 3159 ||| BUYING silvery potion (29 gold).
  3159 | D:4      | Bought a silvery potion for 29 gold pieces
  3363 | D:4      | Found Iniakk's Jewellery Shop.
  3368 | D:4      | 3368 ||| SHOPLISTING +4 ring of protection (432 gold, have
                  | 77).
  3368 | D:4      | 3368 ||| SHOPLISTING +6 ring of dexterity (432 gold, have
                  | 77).
  3368 | D:4      | 3368 ||| SHOPLISTING +6 ring of strength (432 gold, have
                  | 77).
  3368 | D:4      | 3368 ||| SHOPLISTING amulet of regeneration (360 gold, have
                  | 77).
  3368 | D:4      | 3368 ||| SHOPLISTING ring "Cumitich" {Str+4 Dex+6} (616
                  | gold, have 77).
  3368 | D:4      | 3368 ||| SHOPLISTING ring of Hinel {MP+9 Str+6 SInv} (793
                  | gold, have 77).
  3368 | D:4      | 3368 ||| SHOPLISTING ring of willpower (300 gold, have 77).
  3421 | D:4      | Identified the +4 rapier "Ycrosomi" {venom, rCorr Int+4}
  3473 | D:4      | Found Atoed's Book Shop.
  3484 | D:4      | 3484 ||| Stepping ~*~*~tactically~*~*~ (outnumbered).
  3486 | D:4      | 3486 ||| Stepping ~*~*~tactically~*~*~ (outnumbered).
  3552 | D:4      | Found Fiwnapli's Magic Scroll Boutique.
  3558 | D:4      | 3558 ||| BUYING scroll of identify (24 gold).
  3558 | D:4      | Bought a scroll of identify for 24 gold pieces
  3558 | D:4      | 3558 ||| BUYING scroll of teleportation (36 gold).
  3558 | D:4      | Bought a scroll of teleportation for 36 gold pieces
  3558 | D:4      | 3558 ||| BUYING scroll of teleportation (36 gold).
  3558 | D:4      | Bought a scroll of teleportation for 36 gold pieces
  3558 | D:4      | 3558 ||| SHOPLISTING scroll of teleportation (36 gold, have
                  | 4).
  3791 | D:4      | Found Bugazipe's Distillery.
  3794 | D:4      | 3794 ||| SHOPLISTING potion of cancellation (112 gold, have
                  | 17).
  3794 | D:4      | 3794 ||| SHOPLISTING potion of curing (42 gold, have 17).
  3794 | D:4      | 3794 ||| SHOPLISTING potion of might (56 gold, have 17).
  3795 | D:4      | 3795 ||| READING scroll labelled NUANEL UTRULE.
  3796 | D:4      | 3796 ||| READING scroll labelled WYAWYU JOTUPP.
  3797 | D:4      | 3797 ||| READING scroll labelled WEMATR CARCH.
  3798 | D:4      | 3798 ||| DRINKING 2 red potions.
  3799 | D:4      | 3799 ||| DRINKING 2 grey potions.
  3800 | D:4      | 3800 ||| DRINKING 2 silvery potions.
  3800 | D:4      | Gained mutation: You have sharp fingernails. [potion of
                  | mutation]
  3800 | D:4      | Gained mutation: You have a pair of large horns on your
                  | head. [potion of mutation]
  3800 | D:4      | Gained mutation: Your movements are slightly less
                  | encumbered by armour. (ER -2) [potion of mutation]
  3801 | D:4      | 3801 ||| READING 2 scrolls of identify.
  3801 | D:4      | 3801 ||| IDENTIFYING golden potion
  3859 | D:5      | Entered Level 5 of the Dungeon
  3968 | D:5      | Reached skill level 7 in Ranged Weapons
  3968 | D:5      | Reached XP level 7. HP: 33/60 MP: 7/7
  4131 | D:5      | Reached skill level 3 in Dodging
  4424 | D:5      | 4424 ||| FLEEEEING.
  4425 | D:5      | 4425 ||| FLEEEEING.
  4426 | D:5      | 4426 ||| FLEEEEING.
  4457 | D:5      | HP: 15/60 [gnoll/+0 spear[a gnoll bouda] (6)]
  4458 | D:5      | 4458 ||| READING 2 scrolls of teleportation.
  4459 | D:5      | HP: 7/60 [gnoll/+0 spear[a gnoll bouda] (4)]
  4460 | D:5      | 4460 ||| DRINKING potion of heal wounds.
  4631 | D:5      | 4631 ||| Stepping ~*~*~tactically~*~*~ (water).
  4636 | D:5      | Reached skill level 8 in Ranged Weapons
  4785 | D:5      | 4785 ||| SWAPPING to +0 shortbow.
  4789 | D:5      | 4789 ||| FLEEEEING.
  4839 | D:5      | 4839 ||| DROPPING +1 sling.
  4845 | D:5      | 4845 ||| UPGRADING to +0 pair of boots.
  4849 | D:5      | HP: 6/61 [electric eel/bolt of electricity (14)]
  4850 | D:5      | 4850 ||| READING scroll of teleportation.
  5195 | D:5      | 5195 ||| Stepping ~*~*~tactically~*~*~ (outnumbered).
  5197 | D:5      | 5197 ||| Stepping ~*~*~tactically~*~*~ (outnumbered).
  5201 | D:5      | 5201 ||| DRINKING potion of curing.
  5201 | D:5      | 5201 ||| (to cure confusion)
  5219 | D:5      | Reached XP level 8. HP: 55/68 MP: 8/8
  5504 | D:5      | 5504 ||| UPGRADING to ring of poison resistance.
  5505 | D:5      | 5505 ||| READING 2 scrolls labelled RUKHLUE HIKKITE.
  5506 | D:5      | 5506 ||| READING scroll of enchant weapon.
  5506 | D:5      | 5506 ||| ENCHANTING +1 shortbow.
  5507 | D:5      | 5507 ||| DRINKING 2 lumpy dark potions.
  5508 | D:5      | 5508 ||| READING 2 scrolls of identify.
  5508 | D:5      | 5508 ||| IDENTIFYING yellow potion
  5591 | D:6      | Reached skill level 9 in Ranged Weapons
  5661 | D:6      | 5661 ||| Stepping ~*~*~tactically~*~*~ (outnumbered).
  5663 | D:6      | 5663 ||| Stepping ~*~*~tactically~*~*~ (outnumbered).
  5668 | D:6      | 5668 ||| Stepping ~*~*~tactically~*~*~ (outnumbered).
  5669 | D:6      | 5669 ||| Stepping ~*~*~tactically~*~*~ (outnumbered).
  5696 | D:6      | HP: 11/70 [ogre/+0 giant club (15)]
  5698 | D:6      | Reached skill level 6 in Fighting
  6064 | D:6      | Found a hide-covered altar of Uskayaw.
  6101 | D:6      | Reached skill level 10 in Ranged Weapons
  6374 | D:6      | Noticed Duvessa
  6374 | D:6      | Noticed Dowan
  6387 | D:6      | Killed Duvessa
  6390 | D:6      | Killed Dowan
  6391 | D:6      | Reached XP level 9. HP: 32/79 MP: 9/9
  6394 | D:6      | 6394 ||| FLEEEEING.
  6395 | D:6      | 6395 ||| FLEEEEING.
  6396 | D:6      | 6396 ||| FLEEEEING.
  6397 | D:6      | 6397 ||| FLEEEEING.
  6398 | D:6      | 6398 ||| FLEEEEING.
  6399 | D:6      | 6399 ||| FLEEEEING.
  6400 | D:6      | 6400 ||| FLEEEEING.
  6401 | D:6      | 6401 ||| FLEEEEING.
  6402 | D:6      | 6402 ||| FLEEEEING.
  6403 | D:6      | 6403 ||| FLEEEEING.
  6404 | D:6      | 6404 ||| FLEEEEING.
  6405 | D:6      | 6405 ||| FLEEEEING.
  6406 | D:6      | 6406 ||| FLEEEEING.
  6407 | D:6      | 6407 ||| FLEEEEING.
  6410 | D:6      | 6410 ||| FLEEEEING.
  6411 | D:6      | 6411 ||| FLEEEEING.
  6412 | D:6      | 6412 ||| FLEEEEING.
  6415 | D:6      | 6415 ||| STAIRDANCE
  6571 | D:5      | 6571 ||| DROPPING amulet of magic regeneration.
  6572 | D:5      | 6572 ||| UPGRADING to +5 ring of evasion.
  6574 | D:5      | 6574 ||| DROPPING ring of ice.
  6575 | D:5      | 6575 ||| DROPPING ring of poison resistance.
  6576 | D:5      | 6576 ||| READING scroll labelled UVYRGH MURYE.
  6677 | D:5      | 6677 ||| READING scroll labelled MISHAWN CENA.
  6992 | D:6      | Reached skill level 11 in Ranged Weapons
  6997 | D:6      | Reached skill level 3 in Armour
  7195 | D:6      | 7195 ||| UPGRADING to +3 leather armour of cold resistance.
  7205 | D:6      | 7205 ||| DROPPING +0 ring mail.
  7206 | D:6      | 7206 ||| UPGRADING to +0 pair of gloves.
  7211 | D:6      | 7211 ||| DRINKING 2 fizzy golden potions.
  7212 | D:6      | 7212 ||| DRINKING potion of curing.
  7212 | D:6      | 7212 ||| (to cure confusion)
  7213 | D:6      | 7213 ||| READING 2 scrolls of identify.
  7213 | D:6      | 7213 ||| IDENTIFYING brown potion
  7214 | D:6      | 7214 ||| DROPPING potion of ambrosia.
  7328 | D:7      | 7328 ||| SWAPPING to +0 orcbow.
  7339 | D:7      | Reached skill level 6 in Dodging
  7339 | D:7      | 7339 ||| DROPPING +2 shortbow.
  7340 | D:7      | Found an ancient bone altar of Kikubaaqudgha.
  7678 | D:7      | 7678 ||| Stepping ~*~*~tactically~*~*~ (outnumbered).
  7815 | D:7      | Found a staircase to the Ecumenical Temple.
  7816 | D:7      | 7816 ||| PLANNING TEMPLE
  7816 | D:7      | 7816 ||| READING 3 scrolls of identify.
  7816 | D:7      | 7816 ||| IDENTIFYING inky potion
  7817 | D:7      | 7817 ||| DROPPING potion of invisibility.
  7829 | Temple   | Entered the Ecumenical Temple
  7830 | Temple   | 7830 ||| PLANNING OKAWARU WORSHIP
  8161 | Temple   | Became a worshipper of Warmaster Okawaru
  8162 | Temple   | 8162 ||| PLANNING D:1-11
  8404 | D:7      | Reached skill level 12 in Ranged Weapons
  8404 | D:7      | 8404 ||| FLEEEEING.
  8405 | D:7      | 8405 ||| FLEEEEING.
  8406 | D:7      | 8406 ||| FLEEEEING.
  8409 | D:7      | 8409 ||| FLEEEEING.
  8410 | D:7      | 8410 ||| FLEEEEING.
  8411 | D:7      | 8411 ||| FLEEEEING.
  8413 | D:7      | 8413 ||| FLEEEEING.
  8414 | D:7      | 8414 ||| FLEEEEING.
  8415 | D:7      | 8415 ||| FLEEEEING.
  8416 | D:7      | 8416 ||| FLEEEEING.
  8419 | D:7      | 8419 ||| FLEEEEING.
  8420 | D:7      | 8420 ||| FLEEEEING.
  8421 | D:7      | 8421 ||| FLEEEEING.
  8422 | D:7      | 8422 ||| FLEEEEING.
  8423 | D:7      | 8423 ||| FLEEEEING.
  8424 | D:7      | 8424 ||| FLEEEEING.
  8425 | D:7      | 8425 ||| FLEEEEING.
  8427 | D:7      | 8427 ||| FLEEEEING.
  8428 | D:7      | 8428 ||| FLEEEEING.
  8429 | D:7      | 8429 ||| FLEEEEING.
  8430 | D:7      | 8430 ||| FLEEEEING.
  8431 | D:7      | 8431 ||| FLEEEEING.
  8432 | D:7      | 8432 ||| FLEEEEING.
  8433 | D:7      | 8433 ||| FLEEEEING.
  8435 | D:7      | 8435 ||| STAIRDANCE
  8835 | D:7      | 8835 ||| READING 2 scrolls of identify.
  8835 | D:7      | 8835 ||| IDENTIFYING lumpy black potion
  8836 | D:7      | 8836 ||| DROPPING potion of attraction.
  8863 | D:8      | Identified the +2 leather armour "Qacve" {Will++}
  9004 | D:8      | Found a transporter.
  9252 | D:8      | Reached XP level 10. HP: 88/88 MP: 10/10
  9398 | D:8      | Reached * piety under Okawaru
  9669 | D:8      | 9669 ||| UPGRADING to +2 leather armour "Qacve" {Will++}.
  9679 | D:8      | 9679 ||| READING scroll labelled ULALYA SUWUTE.
  9680 | D:8      | 9680 ||| READING scroll labelled TYTRUKHLYUNN.
  9805 | D:8      | 9805 ||| READING scroll labelled TIRUIL WOBOTS.
  9868 | D:9      | Found Numoukk's Weapon Shop.
  9919 | D:9      | 9919 ||| INVOKING Heroism.
 10074 | D:9      | 10074 ||| FLEEEEING.
 10075 | D:9      | 10075 ||| FLEEEEING.
 10076 | D:9      | 10076 ||| FLEEEEING.
 10084 | D:9      | 10084 ||| STAIRDANCE
 10120 | D:8      | 10120 ||| DROPPING +6 ring of strength.
 10121 | D:8      | 10121 ||| READING scroll labelled LORGHU KYMEO.
 10122 | D:8      | 10122 ||| READING 3 scrolls of identify.
 10122 | D:8      | 10122 ||| IDENTIFYING smoky puce potion
 10123 | D:8      | 10123 ||| DROPPING potion of degeneration.
 10202 | D:9      | 10202 ||| INVOKING Heroism.
 10209 | D:9      | 10209 ||| Stepping ~*~*~tactically~*~*~ (outnumbered).
 10229 | D:9      | Reached skill level 13 in Ranged Weapons
 10229 | D:9      | 10229 ||| INVOKING Heroism.
 10231 | D:9      | Reached skill level 1 in Invocations
 10240 | D:9      | HP: 22/88 [poisoned by a gnoll sergeant]
 10244 | D:9      | 10244 ||| DRINKING potion of heal wounds.
 10245 | D:9      | 10245 ||| INVOKING Heroism.
 10259 | D:9      | 10259 ||| FLEEEEING.
 10414 | D:9      | 10414 ||| INVOKING Heroism.
 10433 | D:9      | 10433 ||| INVOKING Heroism.
 10436 | D:9      | Reached skill level 3 in Invocations
 10438 | D:9      | Reached skill level 9 in Fighting
 10469 | D:9      | Found a staircase to the Lair.
 10525 | D:9      | Noticed a cyclops
 10526 | D:9      | 10526 ||| INVOKING Heroism.
 10531 | D:9      | Killed a cyclops
 10602 | D:9      | Found a staircase to the Orcish Mines.
 10653 | D:9      | 10653 ||| INVOKING Heroism.
 10813 | D:9      | 10813 ||| PLANNING LAIR
 10813 | D:9      | 10813 ||| DROPPING +4 ring of protection.
 10855 | Lair:1   | Entered Level 1 of the Lair of Beasts
 10859 | Lair:1   | Reached ** piety under Okawaru
 10891 | Lair:1   | Noticed Gastronok
 10892 | Lair:1   | 10892 ||| INVOKING Heroism.
 10912 | Lair:1   | 10912 ||| INVOKING Heroism.
 10915 | Lair:1   | HP: 5/91 [Gastronok/the air (22)]
 10916 | Lair:1   | 10916 ||| READING 3 scrolls of teleportation.
 10920 | Lair:1   | Killed Gastronok
 10921 | Lair:1   | Reached skill level 14 in Ranged Weapons
 10922 | Lair:1   | Noticed a molten gargoyle
 10925 | Lair:1   | 10925 ||| READING 2 scrolls of teleportation.
 10928 | Lair:1   | Killed from afar by a molten gargoyle

Levels and vault maps discovered:
D:1:      pf_arrival_petrified_forest, layout_loops_ring
D:2:      layout_loops_cross, basic_altar
D:3:      kennysheep_big_flooded_room, layout_basic, uniq_natasha,
          uniq_crazy_yiuf_cottage
D:4:      layout_loops_ring, trog_ov_bears_minmay, serial_shops, shop,
          nicolae_shop_behind_doors, shop, shop, nicolae_shop_hallway_plus
D:5:      cheibrodos_two_vegetables, layout_basic
D:6:      layout_cave_pools, kennysheep_mini, serial_gnoll_camp,
          gnoll_camp_mini_hut, gnoll_camp_medium_02, gnoll_camp_mini_hut,
          gnoll_camp_mini_loothouse, gnoll_camp_mini_basic, uniq_duvessa
D:7:      layout_basic, kiku_gazebo_pond_becter,
          minmay_temple_entry_glassed_door, minmay_strange_pillars,
          nicolae_eternal_life, minmay_misc_feat_iff
D:8:      layout_loops_cross, nrook_loot_triangle, nicolae_diode_basic
D:9:      layout_roguey, due_lair_maze_entry_diamond, orc_0_dummy, serial_shops,
          shop_statue
Temple:   compressed_dpeg_triangle_lava_temple
Lair:1:   layout_gridlike, uniq_maggie, uniq_gastronok, uniq_erica

Skill      XL: |  1  2  3  4  5  6  7  8  9 10 |
---------------+-------------------------------+-----
Ranged Weapons | 3 4 5 6 7 8 10 12 14 | 14.1
Fighting       | 2 4 5 7 8 9 |  9.0
Armour         | 1 2 3 |  3.0
Dodging        | 3 4 6 7 |  7.0
Invocations    | 4 |  4.1
Spellcasting   | |  1.0
Hexes          | |  2.0

Action                     |  1- 3 |  4- 6 |  7- 9 | 10-12 || total
---------------------------+-------+-------+-------+-------++-------
   Fire: Sling             |   110 |   185 |    73 |       ||   368
         Shortbow          |       |       |   260 |       ||   260
         Orcbow            |       |       |   139 |   176 ||   315
 Invoke: Heroism           |       |       |       |    10 ||    10
    Use: Scroll            |     2 |     7 |    10 |     7 ||    26
         Potion            |       |     4 |     5 |     1 ||    10
 Armour: Robe              |    10 |       |       |       ||    10
         Ring mail         |     7 |    64 |    44 |       ||   115
         Leather armour    |       |       |    11 |     9 ||    20
  Dodge: Dodged            |    35 |    57 |   217 |    90 ||   399

Table legend:
 A = Non-vault XP
 B = Vault XP
 C = Vault XP percentage of total XP
 D = Non-vault monster count
 E = Vault monster count
 F = Vault count percentage of total count
                 A         B        C        D         E       F
            +---------+---------+-------+---------+---------+-------
      Total |    6225 |    4585 |  42.4 |     188 |      46 |  19.7
            +---------+---------+-------+---------+---------+-------
        D:1 |      42 |       0 |   0.0 |      23 |       0 |   0.0
        D:2 |      63 |      35 |  35.7 |      17 |       1 |   5.6
        D:3 |      69 |     149 |  68.3 |      19 |       3 |  13.6
        D:4 |     147 |     126 |  46.2 |      15 |       1 |   6.2
        D:5 |     655 |     211 |  24.4 |      22 |       3 |  12.0
        D:6 |    1308 |     823 |  38.6 |      25 |      26 |  51.0
        D:7 |    1178 |       0 |   0.0 |      28 |       0 |   0.0
        D:8 |     943 |       0 |   0.0 |      21 |       0 |   0.0
        D:9 |    1642 |    1838 |  52.8 |      16 |      11 |  40.7
     Lair:1 |     178 |    1403 |  88.7 |       2 |       1 |  33.3
            +---------+---------+-------+---------+---------+-------
